 Dungeon Crawl Stone Soup version 0.30-a0-272-gf98c3da03f (webtiles) character file.

Game seed: 14332393623515051686

61 Lobster4 the Sneak (level 4, -4/32 HPs)
             Began as a Human Wanderer on Oct 15, 2022.
             Slain by Jessica
             ... wielding a +0 dagger
              (6 damage)
             ... on level 2 of the Dungeon.
             The game lasted 00:05:54 (951 turns).

Lobster4 the Sneak (Human Wanderer)                  Turns: 951, Time: 00:05:55

Health: -4/32      AC:  3    Str: 11    XL:     4   Next: 27%
Magic:  0/4        EV: 12    Int: 13    God:
Gold:   64         SH:  0    Dex: 15    Spells: 3/3 levels left

rFire   . . .      SeeInvis .    a - +0 quarterstaff
rCold   . . .      Faith    .    (shield currently unavailable)
rNeg    . . .      Spirit   +    g - +0 robe
rPois   .          Reflect  .    (no helmet)
rElec   .          Harm     .    (no cloak)
rCorr   .          Rampage  .    k - +0 pair of gloves
Will    .....                    (no boots)
Stlth   +++.......               u - amulet of guardian spirit
HPRegen 0.25/turn                (no ring)
MPRegen 0.09/turn                (no ring)

@: on berserk cooldown, slowed, invisible, very slow
A: no striking features
a: no special abilities


You were on level 2 of the Dungeon.
You visited 1 branch of the dungeon, and saw 2 of its levels.

You collected 64 gold pieces.

Inventory:

Hand Weapons
 a - a +0 quarterstaff (weapon)
 d - a +0 dagger
 r - a +0 spear
Missiles
 b - an atropa-tipped dart (quivered)
 c - a datura-tipped dart
 i - 15 stones
Armour
 g - a +0 robe (worn)
 k - a +0 pair of gloves (worn)
Magical Staves
 l - a staff of cold
Jewellery
 u - an amulet of guardian spirit (around neck)
Scrolls
 f - a scroll of teleportation
 h - a scroll of amnesia {unknown}
 j - a scroll of enchant armour {unknown}
 m - a scroll of identify
 o - a scroll of noise {unknown}
 p - a scroll of butterflies {unknown}
 q - a scroll of fear {unknown}
 v - a scroll of vulnerability {unknown}
Potions
 n - 2 potions of haste


   Skills:
 + Level 1.2 Fighting
 + Level 1.6 Staves
 + Level 1.2 Throwing
 + Level 2.4 Armour
 + Level 1.6 Dodging
 - Level 4.0 Stealth
 + Level 2.5 Evocations


You had 3 spell levels left.
You didn't know any spells.
Your spell library was empty.

Dungeon Overview and Level Annotations

Branches:
Dungeon (2/15)

Altars:
Uskayaw

Annotations:
D:2 Jessica


Message History

You sock the adder!
You kill the adder!
You feel sick.
You feel a strong urge to attack something.
You feel sick.
You feel your anger nearly subside.
You are no longer berserk.
You are exhausted.
You feel yourself slow down.
You feel sick.
Jessica shouts, "You're disturbing me!
I'll have to kill you!"
You barely miss Jessica.
You feel sick.
You are no longer poisoned.
Jessica shouts, "Stop bothering me, or I'll kill you!"
Jessica closely misses you.
Jessica zaps a wand.
The puff of flame hits you.
You barely miss Jessica. Jessica barely misses you. Jessica closely misses you.
You hit Jessica but do no damage. Jessica barely misses you.
You hit Jessica.
Jessica is heavily wounded.
Jessica gestures wildly while chanting.
Jessica seems to speed up.
Jessica hits you with a +0 dagger.
You hit Jessica but do no damage.
Jessica is heavily wounded.
Jessica zaps a wand.
The puff of flame hits you! Jessica barely misses you.
Jessica casts a spell at you. You resist with some effort.
You closely miss Jessica.
Jessica is moderately wounded.
Jessica hits you with a +0 dagger. Jessica barely misses you.
Jessica misses you.
You hit Jessica.
Jessica is severely wounded.
Jessica zaps a wand.
The puff of flame hits you!
* * * LOW HITPOINT WARNING * * *
Jessica points at you and mumbles some strange words.
You feel as though you will be slow longer.
You fade into invisibility!
Jessica zaps a wand.
The puff of flame misses you.
Jessica zaps a wand.
The puff of flame hits you.
* * * LOW HITPOINT WARNING * * *
Jessica hits you with a +0 dagger.
You die...

#.#...###..♣
PPP.♣######. #.#.###
#.#♣ .P.......#P. #.
P♣P♣....... # #.
#♣♣♣♣♣........
#.####.####...##.#....PP
........................
...........(......##....
#.....#..###########....
#......@.# #....
.......@.# #....
#...._..## ... #.......#
.. #.......# #......##
#######


You could see Jessica (fast, unable to see you).

Vanquished Creatures
  A gnoll (D:1)
  3 adders (D:2)
  2 ball pythons (D:1)
  3 bats (D:1)
  4 endoplasms
  3 goblins
  3 hobgoblins
  A jackal (D:1)
  A quokka (D:2)
  3 rats
24 creatures vanquished.

Vanquished Creatures (others)
  2 plants (D:2)
2 creatures vanquished.

Grand Total: 26 creatures vanquished

Notes
Turn   | Place    | Note
-------+----------+-------------------------------------------
     0 | D:1      | Lobster4 the Human Wanderer began the quest for the Orb.
     0 | D:1      | Lobster4 set off with the following items: a +0 dagger, 2
                  | atropa-tipped darts, a datura-tipped dart, a +0
                  | quarterstaff, a wand of flame (4), a scroll of
                  | teleportation, a +0 robe.
     0 | D:1      | Reached XP level 1. HP: 13/13 MP: 1/1
   119 | D:1      | Reached XP level 2. HP: 18/20 MP: 2/2
   374 | D:1      | Reached XP level 3. HP: 3/25 MP: 3/3
   538 | D:1      | Reached skill level 1 in Fighting
   696 | D:2      | Noticed Jessica
   788 | D:2      | Reached skill level 1 in Throwing
   813 | D:2      | Reached XP level 4. HP: 24/32 MP: 2/4
   937 | D:2      | Found a hide-covered altar of Uskayaw.
   951 | D:2      | Slain by Jessica

Illustrated notes

Levels and vault maps discovered:
D:1:      dpeg_arrival_refuge, layout_basic, minmay_3d_cube
D:2:      layout_rooms, serial_shops, shop, basic_altar, serial_forest,
          infiniplex_forest_side_room, infiniplex_forest_clump_curved,
          infiniplex_forest_end_3, infiniplex_forest_clump_curved,
          infiniplex_forest_lined_2, infiniplex_forest_lined_2,
          infiniplex_forest_clump_double, supply_closet_lemuel,
          grunt_ministairs_4, dk_noncrumbling_3, uniq_jessica

Skill      XL: |  1  2  3 |
---------------+----------+-----
Fighting       | 1 |  1.2
Throwing       | 1 |  1.2
Staves         | |  1.6
Armour         | |  2.4
Dodging        | |  1.6
Stealth        | |  4.0
Evocations     | |  2.5

Action                   |  1- 3 |  4- 6 || total
-------------------------+-------+-------++-------
Melee: Quarterstaff      |    62 |    15 ||    77
Throw: Stone             |     2 |       ||     2
       Dart              |       |     1 ||     1
Evoke: Wand              |     4 |       ||     4
  Use: Scroll            |     3 |       ||     3
       Potion            |       |     2 ||     2
 Stab: Sleeping          |     8 |     1 ||     9
Armor: Robe              |    17 |     1 ||    18
Dodge: Dodged            |    44 |    12 ||    56

Table legend: (Time is in decaauts)
 A = Elapsed time spent in this place.
 B = Non-inter-level travel time spent in this place.
 C = Inter-level travel time spent in this place.
 D = Time resting spent in this place.
 E = Time spent auto-exploring this place.
 F = Levels seen in this place.
 G = Mean time per level.
                   A        B        C        D        E       F      G
               +--------+--------+--------+--------+--------+-----+--------+
         Total |    972 |    924 |     48 |     98 |    410 |   2 |  486.0 |
       Dungeon |    972 |    924 |     48 |     98 |    410 |   2 |  486.0 |
               +--------+--------+--------+--------+--------+-----+--------+

Top non-repeatable levels by time:
     D:1: 717 daAuts
     D:2: 254 daAuts
